AoeStats
← Anva

Yucatan

510342015Analyzed
2v2 RM · 1d ago on Sep 30, 2026· 66m 10s· 4 players
Game mode
Random Map
Map size
Medium (4 player)
Population
200
Speed
Normal
Resources
Standard
Victory
Conquest
Starting age
Dark Age
Ending age
Imperial Age
RankedLock teamsTeams togetherTeam positionsShared explorationLock speedFull tech treeHidden civsTurbo modeCheats
Victory
Defeat
🇱🇧 Franks · Lebanon
924
+18
🇱🇧 Bengalis · Lebanon
906
+18
🇫🇷 Hindustanis · France
969
-18
🇫🇷 Varangians · France
955
-18
Jéhache M.D.
10:13 Feudal Age
12:17 Loom
15:08 Double-Bit Axe
18:42 Castle Age
28:20 Forging
29:22 Scale Mail Armor
29:40 Scale Barding Armor
31:19 Bloodlines
31:09 Husbandry
32:24 Grand Trunk Road
32:48 Horse Collar
35:52 Wheelbarrow
35:30 Bow Saw
35:19 Gold Mining
39:11 Imperial Age
37:01 Heavy Plow
38:01 Gold Shaft Mining
39:52 Iron Casting
39:38 Chain Barding Armor
40:01 Heavy Camel Rider
41:44 Blast Furnace
41:33 Conscription
41:56 Imperial Camel Rider
43:55 Hand Cart
46:04 Chemistry
47:58 Ballistics
48:25 Shatagni
48:37 Thumb Ring
51:44 Siege Engineers
54:05 Hoardings
54:51 Fletching
55:02 Padded Archer Armor
55:37 Plate Barding Armor
61:35 Bodkin Arrow
61:55 Leather Archer Armor
Anva
7:32 Loom
10:01 Feudal Age
10:54 Double-Bit Axe
11:39 Bloodlines
19:34 Forging
19:30 Scale Barding Armor
23:54 Castle Age
24:01 Horse Collar
24:25 Scale Mail Armor
25:00 Gambesons
27:53 Heavy Plow
35:40 Squires
35:27 Arson
35:17 Pikeman
39:37 Iron Casting
41:46 Chain Mail Armor
43:06 Pikeman
44:57 Chain Barding Armor
50:58 Imperial Age
52:59 Gothikon
53:02 Elite Jarl
54:03 Conscription
59:29 Elite Varangian Guard
61:45 Gothikon
63:38 Wheelbarrow
Achilles
11:54 Feudal Age
12:59 Loom
13:24 Double-Bit Axe
19:31 Forging
20:19 Fletching
22:29 Scale Mail Armor
22:25 Horse Collar
25:16 Castle Age
24:36 Stone Mining
25:50 Gold Mining
27:14 Bow Saw
26:33 Pikeman
28:16 Chain Mail Armor
35:58 Heavy Plow
37:35 Bloodlines
38:05 Husbandry
40:28 Paiks
42:12 Gold Shaft Mining
43:06 Wheelbarrow
43:35 Scale Barding Armor
44:47 Redemption
47:50 Imperial Age
46:45 Chain Barding Armor
46:21 Bodkin Arrow
46:26 Padded Archer Armor
46:40 Squires
47:53 Elite Ratha (Ranged)
48:46 Halberdier
50:05 Plate Barding Armor
51:46 Bracer
53:04 Chemistry
52:24 Ballistics
57:20 Siege Elephant
58:40 Leather Archer Armor
59:01 Iron Casting
58:52 Mahayana
59:35 Theocracy
61:13 Illumination
64:23 Blast Furnace
63:54 Ring Archer Armor
eL Zabron
12:03 Feudal Age
17:27 Castle Age
20:37 Husbandry
21:39 Scale Barding Armor
21:35 Scale Mail Armor
21:47 Forging
26:07 Double-Bit Axe
26:56 Chain Barding Armor
27:58 Iron Casting
28:18 Wheelbarrow
31:19 Hand Cart
32:36 Bow Saw
35:02 Imperial Age
33:20 Town Watch
35:37 Cavalier
35:44 Cavalier
37:36 Conscription
41:01 Chemistry
40:28 Paladin
43:01 Squires
42:47 Arson
42:23 Pikeman
43:12 Gold Mining
43:12 Stone Mining
43:38 Masonry
43:49 Ballistics
43:32 Town Patrol
46:21 Chivalry
47:04 Plate Barding Armor
47:49 Gold Shaft Mining
47:18 Halberdier
49:03 Elite Throwing Axeman
54:00 Blast Furnace
53:38 Elite Throwing Axeman
63:26 Scale Mail Armor
Connection lost

Rejoining the realm…

Still unreachable

The connection could not be restored.

Session expired

The server has moved on; the page needs a fresh start.